 Dungeon Crawl Stone Soup version 0.21.1-1-g345015f (webtiles) character file.

554 nicolaieve the Basher (level 7, -7/57 HPs)
             Began as a Minotaur Berserker on July 31, 2018.
             Was a Priest of Trog.
             Mangled by an ogre
             ... wielding a +0 giant club
              (18 damage)
             ... on level 4 of the Dungeon.
             The game lasted 00:09:54 (2398 turns).

nicolaieve the Basher (Minotaur Berserker)          Turns: 2398, Time: 00:09:55

Health: -7/57      AC:  8    Str: 21    XL:     7   Next: 8%
Magic:  6/6        EV:  8    Int:  4    God:    Trog [***...]
Gold:   110        SH:  0    Dex: 12    Spells: 6/6 levels left

rFire    . . .     SeeInvis .   a - +0 mace
rCold    . . .     Gourm    .   (no shield)
rNeg     . . .     Faith    .   r - +0 chain mail
rPois    .         Spirit   .   (helmet restricted)
rElec    .         Reflect  .   (no cloak)
rCorr    .         Harm     .   (no gloves)
MR       .....                  (no boots)
Stlth    ..........             (no amulet)
HPRegen  0.19/turn              (no ring)
MPRegen  0.10/turn              (no ring)

@: berserk cooldown
A: retaliatory headbutt, horns 2
a: Berserk, Trog's Hand, Burn Spellbooks, Renounce Religion


You were on level 4 of the Dungeon.
You worshipped Trog.
Trog was most pleased with you.
You were not hungry.

You visited 1 branch of the dungeon, and saw 4 of its levels.

You collected 110 gold pieces.

Inventory:

Hand Weapons
 a - a +0 mace (weapon)
Armour
 r - a +0 chain mail (worn)
Jewellery
 x - an uncursed ring of stealth {unknown}
Scrolls
 b - 4 scrolls of teleportation {unknown}
 e - 9 scrolls of identify {unknown}
 f - 2 scrolls of amnesia {unknown}
 i - 2 scrolls of fear {unknown}
 k - a scroll of magic mapping {unknown}
 o - a scroll of blinking {unknown}
 p - 2 scrolls of remove curse {unknown}
 q - 3 scrolls of noise {unknown}
 s - a scroll of random uselessness {unknown}
 u - a scroll of enchant armour {unknown}
 w - 3 scrolls of enchant weapon {unknown}
Potions
 g - a potion of berserk rage {unknown}
 h - 3 potions of haste {unknown}
 j - a potion of cancellation {unknown}
 l - a potion of lignification {unknown}
 m - 2 potions of invisibility {unknown}
 n - 2 potions of resistance {unknown}
 t - 3 potions of curing {unknown}
 v - a potion of might {unknown}
Comestibles
 c - 6 rations
 d - 3 chunks of flesh


   Skills:
 - Level 3.6 Fighting
 + Level 9.7 Maces & Flails
 - Level 2.4 Armour
 - Level 2.1 Dodging


You had 6 spell levels left.
You didn't know any spells.

Dungeon Overview and Level Annotations

Branches:
Dungeon (4/15)
 Temple: D:4-7

Altars:


Innate Abilities, Weirdness & Mutations

You reflexively headbutt those who attack you in melee.
You have a pair of horns on your head.


Message History

You hit the ogre.
The ogre is lightly wounded.
The ogre hits you with a giant club!!
You hear an angry hiss.
You hit the ogre but do no damage. You headbutt the ogre!
The ogre is moderately wounded.
The ogre closely misses you. You furiously retaliate!
You headbutt the ogre!
A frilled lizard comes into view.
You barely miss the ogre. You headbutt the ogre.
The ogre is severely wounded.
The ogre hits you with a giant club!
* * * LOW HITPOINT WARNING * * *
You barely miss the ogre. You headbutt the ogre.
The ogre is almost dead.
The ogre barely misses you.
You hit the ogre.
The ogre is almost dead.
You feel yourself speed up. The ogre hits you with a giant club!!
You die...

#.# #.# #.# #.##### #.#
#.#...# #.# #.#.#.#
#.#########'#.#.#
#.##..........#.#
...((.).......#.# #####
#.##..).......#.##......
...+..........#.@Ol.....
#.##......<...####w.....
................ .....
......########### ....
......# ### ......#
......# .


You could see an ogre, a worm and a frilled lizard.

Vanquished Creatures
  The ghost of lokyar the Shield-Bearer, an amateur FoFi (D:4)
  The ghost of TheNamelessOne the Insei, an amateur OpTm (D:3)
  A howler monkey (D:2)
  An orc priest (D:3)
  A centaur skeleton (D:4)
  4 gnolls (D:2)
  5 adders
  An ooze (D:1)
  2 adder skeletons
  3 worms
  2 dart slugs
  4 leopard geckos
  6 orcs
  2 ball pythons
  8 giant cockroaches
  6 goblins
  A hobgoblin (D:2)
  4 jackals
  10 kobolds
  2 quokkas
  7 bats
  A frilled lizard (D:2)
  6 rats
79 creatures vanquished.

Notes
Turn   | Place    | Note
-------+----------+-------------------------------------------
     0 | D:1      | nicolaieve the Minotaur Berserker began the quest for the Orb.
     0 | D:1      | Reached XP level 1. HP: 19/19 MP: 0/0
   144 | D:1      | Reached skill level 4 in Maces & Flails
   226 | D:1      | Reached XP level 2. HP: 22/26 MP: 1/1
   635 | D:1      | Reached skill level 5 in Maces & Flails
   676 | D:2      | Reached XP level 3. HP: 31/31 MP: 2/2
   781 | D:2      | Reached ** piety under Trog
  1055 | D:2      | Reached skill level 6 in Maces & Flails
  1055 | D:2      | Reached XP level 4. HP: 39/39 MP: 3/3
  1149 | D:2      | Reached skill level 7 in Maces & Flails
  1149 | D:2      | Reached XP level 5. HP: 27/45 MP: 4/4
  1548 | D:3      | Noticed TheNamelessOne's ghost (amateur OpTm)
  1553 | D:3      | Killed TheNamelessOne's ghost
  1553 | D:3      | Reached skill level 8 in Maces & Flails
  1555 | D:3      | Reached XP level 6. HP: 51/51 MP: 5/5
  2047 | D:3      | Reached *** piety under Trog
  2357 | D:4      | Noticed lokyar's ghost (amateur FoFi)
  2368 | D:4      | Killed lokyar's ghost
  2368 | D:4      | Reached skill level 9 in Maces & Flails
  2368 | D:4      | Reached XP level 7. HP: 57/57 MP: 6/6
  2398 | D:4      | Mangled by an ogre

Skill      XL: |  1  2  3  4  5  6 |
---------------+-------------------+-----
Maces & Flails | 4 5 6 7 8 9 |  9.7
Fighting       | |  3.6
Armour         | |  2.4
Dodging        | |  2.1

Action                   |  1- 3 |  4- 6 |  7- 9 || total
-------------------------+-------+-------+-------++-------
Melee: Mace              |    67 |    78 |     8 ||   153
       Headbutt          |     8 |    18 |     3 ||    29
Invok: Berserk           |     1 |     3 |       ||     4
       Trog's Hand       |       |     1 |       ||     1
  Eat: Chunk             |     1 |     7 |     1 ||     9
Armor: Scale mail        |    40 |    20 |       ||    60
       Chain mail        |       |    10 |     1 ||    11
Dodge: Dodged            |    45 |    51 |     3 ||    99
